 Dungeon Crawl Stone Soup version 0.29-a0-91-gdebf4667c2 (webtiles) character file.

Game seed: 14900758737366191226

6 enile the Magician (level 1, -1/13 HPs)
             Began as a Gnoll Wanderer on Feb 8, 2022.
             Was an Initiate of Gozag.
             Slain by a kobold (3 damage)
             ... on level 1 of the Dungeon.
             The game lasted 00:00:54 (585 turns).

enile the Magician (Gnoll Wanderer)                  Turns: 585, Time: 00:00:55

Health: -1/13      AC:  6    Str:  8    XL:     1   Next: 90%
Magic:  7/8        EV:  9    Int: 15    God:    Gozag
Gold:   36         SH:  0    Dex: 10    Spells: 13/14 levels left

rFire   . . .      SeeInvis .   a - +0 dagger
rCold   . . .      Faith    .   (no shield)
rNeg    . . .      Spirit   .   b - +0 ring mail
rPois   .          Reflect  .   (no helmet)
rElec   .          Harm     .   (no cloak)
rCorr   .          Rampage  .   (no gloves)
Will    .....                   (no boots)
Stlth   ..........              (no amulet)
HPRegen 0.04/turn               (no ring)
MPRegen 0.11/turn               (no ring)

@: silenced
A: fangs 1, strong nose, distributed training
a: Renounce Religion


You were on level 1 of the Dungeon.
You worshipped Gozag.
Gozag was noncommittal.
You visited 1 branch of the dungeon, and saw 1 of its levels.

You collected 36 gold pieces.

Inventory:

Hand Weapons
 a - a +0 dagger (weapon)
Armour
 b - a +0 ring mail (worn)
Jewellery
 d - a ring of resist corrosion
Scrolls
 e - a scroll of immolation {unknown}
 f - a scroll of fear {unknown}


   Skills:
 + Level 0.2 Fighting
 + Level 0.2 Short Blades
 + Level 0.2 Long Blades
 + Level 0.2 Axes
 + Level 0.2 Maces & Flails
 + Level 0.2 Polearms
 + Level 0.2 Staves
 + Level 0.2 Slings
 + Level 0.2 Bows
 + Level 0.2 Crossbows
 + Level 0.2 Throwing
 + Level 4.4 Armour
 + Level 0.2 Dodging
 + Level 2.2 Stealth
 + Level 0.2 Shields
 + Level 0.2 Unarmed Combat
 + Level 7.1 Spellcasting
 + Level 0.1 Conjurations
 + Level 3.6 Hexes
 + Level 0.1 Summonings
 + Level 0.1 Necromancy
 + Level 0.1 Translocations
 + Level 0.1 Transmutations
 + Level 0.1 Fire Magic
 + Level 0.1 Ice Magic
 + Level 0.1 Air Magic
 + Level 0.1 Earth Magic
 + Level 0.1 Poison Magic
 + Level 0.3 Invocations
 + Level 2.4 Evocations


You had 13 spell levels left.
You knew the following spells:

 Your Spells              Type           Power      Damage    Failure   Level
a - Slow                  Hex            64%        N/A       9%          1

Your spell library contained the following spells:

 Spells                   Type           Power      Damage    Failure   Level
 Apportation              Tloc           10%        N/A       34%         1
 Shock                    Conj/Air       20%        1d4       34%         1
 Corpse Rot               Necr/Air       10%        N/A       45%         2
 Static Discharge         Conj/Air       5%         N/A       45%         2
 Portal Projectile        Hex/Tloc       22%        N/A       45%         3
 Swiftness                Air            5%         N/A       71%         3
 Dispel Undead            Necr           5%         3d7       98%         4
 Sticky Flame             Conj/Fire      5%         2d3       98%         4


Dungeon Overview and Level Annotations

Branches:
Dungeon (1/15)

Altars:
Gozag


Innate Abilities, Weirdness & Mutations

You have very sharp teeth.
Your uncanny sense of smell can sniff out nearby items.
Your experience applies equally to all skills.


Message History

There is a web here.
You now have 36 gold pieces (gained 15).
f - a scroll labelled TAGENOGOBA
Found a hunting sling.
A gnoll comes into view. It is wielding a +0 club.
Casting: Slow (safe; 9% risk of failure)
Confirm with . or Enter, or press ? or * to list all spells.
Aiming: Slow (safe; 9% risk of failure)
Press: ? - help, Shift-Dir - straight line, f - gnoll
Aim: a gnoll, wielding a +0 club (asleep, chance to affect: 64%)
The gnoll seems to slow down.
Casting: Slow (safe; 9% risk of failure)
Confirm with . or Enter, or press ? or * to list all spells.
Aiming: Slow (safe; 9% risk of failure)
Press: ? - help, Shift-Dir - straight line, f/p - gnoll
Aim: a gnoll, wielding a +0 club (slow, chance to affect: 64%)
The gnoll seems to slow down.
The gnoll hits you with a +0 club.
A gnoll is nearby!
Casting: Slow (safe; 9% risk of failure)
Confirm with . or Enter, or press ? or * to list all spells.
Aiming: Slow (safe; 9% risk of failure)
Press: ? - help, Shift-Dir - straight line, f/p - gnoll
Aim: a gnoll, wielding a +0 club (slow, chance to affect: 64%)
The gnoll seems to slow down.
You hit the gnoll.
The gnoll is moderately wounded.
The gnoll hits you but does no damage.
You hit the gnoll.
The gnoll is moderately wounded.
The gnoll hits you with a +0 club.
You closely miss the gnoll.
The gnoll is moderately wounded.
The gnoll hits you with a +0 club.
* * * LOW HITPOINT WARNING * * *
As you read the scroll labelled OMPOUTYSKA, it crumbles to dust.
A profound silence engulfs you.
It was a scroll of silence.
A kobold comes into view. It is wielding a +0 whip.
You hit the kobold but do no damage. The kobold hits you with a +0 whip.
You die...
Your body crumbles into a pile of gold.

#.# ##...#
#.#
##.###......
#.# ##.##
#.##..
#.###.## #..
#.....# .##
#####.## .#
##g## .#.#.
##.###......
##.@K# #####


You could see a gnoll (slow) and a kobold.

Vanquished Creatures
  An endoplasm (D:1)
  A goblin (D:1)
  2 ball pythons (D:1)
  A bat (D:1)
  A frilled lizard (D:1)
6 creatures vanquished.

Vanquished Creatures (others)
  3 fungi (D:1)
  2 plants (D:1)
5 creatures vanquished.

Grand Total: 11 creatures vanquished

Notes
Turn   | Place    | Note
-------+----------+-------------------------------------------
     0 | D:1      | enile the Gnoll Wanderer began the quest for the Orb.
     0 | D:1      | enile set off with the following items: a +0 dagger, a +0
                  | ring mail; and the following spells available to memorise:
                  | Slow, Apportation, Shock, Portal Projectile, Corpse Rot,
                  | Swiftness
     0 | D:1      | Reached XP level 1. HP: 13/13 MP: 8/8
   278 | D:1      | Learned a level 1 spell: Slow
   479 | D:1      | Found a faded altar of an unknown god.
   495 | D:1      | Got Plato's Compendium of Lightness
   496 | D:1      | Prayed at the altar of an unknown god.
   496 | D:1      | Became a worshipper of Gozag Ym Sagoz the Greedy
   585 | D:1      | Slain by a kobold

Illustrated notes

Levels and vault maps discovered:
D:1:      nicolae_arrival_somewhat_less_tricky_arrival, layout_loops_ring,
          shapermc_ecumenical_altar_rom_forum

Action                   || total
-------------------------++-------
Melee: Dagger            ||    23
       Bite              ||     4
 Cast: Slow              ||     7
  Use: Scroll            ||     1
Armor: Ring mail         ||    16
Dodge: Dodged            ||     9

Table legend: (Time is in decaauts)
 A = Elapsed time spent in this place.
 B = Non-inter-level travel time spent in this place.
 C = Inter-level travel time spent in this place.
 D = Time resting spent in this place.
 E = Time spent auto-exploring this place.
 F = Levels seen in this place.
 G = Mean time per level.
                   A        B        C        D        E       F      G
               +--------+--------+--------+--------+--------+-----+--------+
         Total |    585 |    585 |      0 |      0 |    503 |   1 |  585.0 |
       Dungeon |    585 |    585 |      0 |      0 |    503 |   1 |  585.0 |
               +--------+--------+--------+--------+--------+-----+--------+

Top non-repeatable levels by time:
     D:1: 585 daAuts
